 Dungeon Crawl Stone Soup version 0.19.1 (webtiles) character file.

329 Dfrag the Firebug (level 6, -11/41 HPs)
             Began as a Demonspawn Fire Elementalist on Nov 29, 2016.
             Killed from afar by Ijyb (12 damage)
             ... with a wand of lightning
             ... on level 3 of the Dungeon.
             The game lasted 00:03:21 (1886 turns).

Dfrag the Firebug (Demonspawn Fire Elementalist)    Turns: 1886, Time: 00:03:21

Health: -11/41     AC:  4    Str:  9    XL:     6   Next: 25%
Magic:  11/11      EV: 12    Int: 18    God:
Gold:   97         SH:  4    Dex: 13    Spells: 3 memorised, 4 levels left

rFire  . . .     SeeInvis .     w - staff of conjuration (curse)
rCold  + . .     Gourm    .     q - +0 robe {rC+}
rNeg   . . .     Faith    .     (no shield)
rPois  .         Spirit   .     (helmet restricted)
rElec  .         Reflect  .     (no cloak)
rCorr  .         Harm     .     h - +1 pair of gloves
MR     .....                    (no boots)
Stlth  ++........               f - amulet of rage
                                (no ring)
                                (no ring)

@: no status effects
A: horns 1, large bone plates 1, powered by death 1
a: Evoke Berserk Rage


You were on level 3 of the Dungeon.
You were not hungry.

You visited 1 branch of the dungeon, and saw 3 of its levels.

You collected 97 gold pieces.

Inventory:

Hand Weapons
 d - a +2 dagger of draining
 g - a +0 dagger
Armour
 a - a +0 robe
 h - a +1 pair of gloves (worn)
 q - a +0 robe of cold resistance (worn)
Magical Staves
 w - a cursed staff of conjuration (weapon)
Jewellery
 f - an amulet of rage (around neck)
 j - an uncursed amulet of regeneration {unknown}
Scrolls
 e - a scroll of recharging {unknown}
 i - a scroll of fear {unknown}
 k - a scroll of remove curse {unknown}
 m - 2 scrolls of identify {unknown}
 n - a scroll of enchant armour {unknown}
 p - a scroll of random uselessness {unknown}
Potions
 l - a potion of cancellation {unknown}
 s - a potion of heal wounds {unknown}
 v - a potion of curing
Books
 b - a book of Flames

   Spells                             Type                      Level
   a - Flame Tongue                   Conjuration/Fire             1
   b - Throw Flame                    Conjuration/Fire             2
   c - Conjure Flame                  Conjuration/Fire             3
   d - Inner Flame                    Hexes/Fire                   3
   e - Sticky Flame                   Conjuration/Fire             4
   f - Fireball                       Conjuration/Fire             5
Comestibles
 c - a bread ration
 o - a royal jelly
 r - a meat ration
 t - a chunk of flesh
 u - a slice of pizza


   Skills:
 - Level 1.7 Dodging
 - Level 1.7 Stealth
 + Level 3.8 Spellcasting
 + Level 3.7 Conjurations
 + Level 4.2 Fire Magic


You had 4 spell levels left.
You knew the following spells:

 Your Spells              Type           Power        Failure   Level  Hunger
a - Flame Tongue          Conj/Fire      ####.        3%          1    None
b - Conjure Flame         Conj/Fire      ####....     12%         3    ###....
c - Sticky Flame          Conj/Fire      ####....     34%         4    ####...


Dungeon Overview and Level Annotations

Branches:
Dungeon (3/15)

Altars:
Cheibriados
The Shining One

Annotations:
D:3 Ijyb


Innate Abilities, Weirdness & Mutations

You have a pair of small horns on your head.
You are partially covered in large bone plates. (SH +4)
You regenerate a little health from kills.


Message History

You closely miss the crimson imp.
The crimson imp is lightly wounded.
The crimson imp completely misses you.
You barely miss the crimson imp. Your headbutt misses the crimson imp.
The crimson imp is lightly wounded.
The crimson imp misses you.
You closely miss the crimson imp. The crimson imp completely misses you.
The crimson imp hits you.
You closely miss the crimson imp. The crimson imp hits you.
You barely miss the crimson imp.
The crimson imp blinks!
Ijyb the Twisted Goblin comes into view.
She is wielding an enchanted club.
Ijyb shouts!
Ijyb zaps a wand.
The bolt of lightning hits you! x2
Ouch! That really hurt!
* * * LOW HITPOINT WARNING * * *
The bolt of lightning hits Ijyb.
It is a wand of lightning.
You see here 13 gold pieces.
You now have 97 gold pieces (gained 13).
Ijyb zaps a wand.
The bolt of lightning hits you!
You die...

.# .# ## #####.# ##.
.....###+###
#..#####...#.....#
#.##...##.##....†.
#.#.#.#.#..†.>....
#@5.#.#....#...†..
......g.#.#.#.#..#......
#######.##...##.##(#.#..
...#####..##.#.### ###.
...##.#.. . ..
#.#+##+##### .# #. .# #.


You could see Ijyb and a crimson imp.

Vanquished Creatures
  Sigmund (D:2)
  A necrophage (D:3)
  2 adders (D:3)
  An ooze (D:1)
  A dart slug (D:3)
  2 worms
  4 leopard geckos
  An orc (D:3)
  2 ball pythons
  7 bats
  3 giant cockroaches
  3 hobgoblins
  A quokka (D:2)
  3 frilled lizards
  5 goblins
  6 kobolds
  4 rats
47 creatures vanquished.

Notes
Turn   | Place    | Note
-------+----------+-------------------------------------------
     0 | D:1      | Dfrag the Demonspawn Fire Elementalist began the quest for the Orb.
     0 | D:1      | Reached XP level 1. HP: 13/13 MP: 3/3
   160 | D:1      | Gained mutation: You regenerate a little health from kills. [demonic ancestry]
   160 | D:1      | Reached XP level 2. HP: 16/19 MP: 0/5
   299 | D:1      | Found a glowing golden altar of the Shining One.
   592 | D:1      | Reached XP level 3. HP: 20/24 MP: 6/6
   812 | D:2      | Noticed Sigmund
   829 | D:2      | Killed Sigmund
   829 | D:2      | Reached skill level 3 in Fire Magic
   829 | D:2      | Gained mutation: You are partially covered in large bone plates. (SH +4) [demonic ancestry]
   829 | D:2      | Reached XP level 4. HP: 14/30 MP: 6/9
   829 | D:2      | Reached XP level 5. HP: 17/35 MP: 6/10
  1602 | D:3      | Noticed a necrophage
  1623 | D:2      | Learned a level 3 spell: Conjure Flame
  1628 | D:2      | Learned a level 4 spell: Sticky Flame
  1634 | D:3      | Killed a necrophage
  1634 | D:3      | Reached skill level 4 in Fire Magic
  1634 | D:3      | Gained mutation: You have a pair of small horns on your head. [demonic ancestry]
  1634 | D:3      | Reached XP level 6. HP: 32/41 MP: 6/11
  1757 | D:3      | Found a snail-covered altar of Cheibriados.
  1884 | D:3      | Noticed Ijyb
  1885 | D:3      | HP: 1/41 [Ijyb/wand of lightning (23)]
  1886 | D:3      | Killed from afar by Ijyb

Skill      XL: |  1  2  3  4  5 |
---------------+----------------+-----
Conjurations   | 2 3 |  3.7
Spellcasting   | 3 |  3.8
Fire Magic     | 3 4 |  4.2
Dodging        | |  1.7
Stealth        | |  1.7

Action                   |  1- 3 |  4- 6 || total
-------------------------+-------+-------++-------
Melee: Unarmed           |    13 |       ||    13
       Dagger            |    21 |    65 ||    86
       Staff             |       |    11 ||    11
       Headbutt          |       |     3 ||     3
 Cast: Flame Tongue      |    26 |    11 ||    37
       Sticky Flame      |       |     1 ||     1
 Abil: Evoke Berserk Rag |     1 |       ||     1
  Use: Potion            |     1 |       ||     1
 Stab: Sleeping          |       |     6 ||     6
  Eat: Chunk             |       |     4 ||     4
Armor: Robe              |    16 |    16 ||    32
Dodge: Dodged            |    32 |    33 ||    65
Block: Other             |       |     8 ||     8
